 Dungeon Crawl Stone Soup version 0.19.1 (webtiles) character file.

637 piz0 the Insei (level 7, -9/55 HPs)
             Began as a Yellow Draconian Transmuter on Dec 22, 2016.
             Mangled by a yak (12 damage)
             ... on level 4 of the Dungeon.
             The game lasted 00:16:47 (5564 turns).

piz0 the Insei (Yellow Draconian Transmuter)        Turns: 5564, Time: 00:16:47

Health: -9/55      AC:  7    Str: 10 (12) XL:     7   Next: 25%
Magic:  10/11      EV: 12    Int: 14      God:
Gold:   129        SH:  0    Dex: 13      Spells: 3 memorised, 6 levels left

rFire  . . .     SeeInvis .       - Unarmed
rCold  . . .     Gourm    .     (armour unavailable)
rNeg   . . .     Faith    .     (no shield)
rPois  .         Spirit   .     (helmet restricted)
rElec  .         Reflect  .     (no cloak)
rCorr  +         Harm     .     m - +0 pair of gloves
MR     .....                    (boots currently unavailable)
Stlth  ++........               (no amulet)
                                (no ring)
                                (no ring)

@: appendage (expiring)
A: spit acid, acid resistance, unfitting armour, horns 1, talons 3,
deterioration 1, evolution 1, cold-blooded, MP-powered wands, AC +6
a: Spit Acid, End Transformation


You were on level 4 of the Dungeon.
You were not hungry.
You had grown temporary talons.
You visited 1 branch of the dungeon, and saw 5 of its levels.

You collected 129 gold pieces.

Inventory:

Missiles
 a - 38 arrows
 e - 5 tomahawks (quivered)
 k - 32 poisoned needles
Armour
 m - a +0 pair of gloves (worn)
Jewellery
 i - an uncursed ring of flight {unknown}
Scrolls
 c - 4 scrolls of identify
 d - a scroll of immolation {unknown}
 g - a scroll of enchant armour {unknown}
 h - 2 scrolls of teleportation
 j - 3 scrolls of recharging
Potions
 f - a potion of brilliance
 l - a potion of cancellation
 p - a potion of agility {unknown}
Books
 b - a book of Changes

   Spells                             Type                      Level
   a - Beastly Appendage              Transmutation                1
   b - Sticks to Snakes               Transmutation                2
   c - Spider Form                    Transmutation/Poison         3
   d - Ice Form                       Ice/Transmutation            4
   e - Blade Hands                    Transmutation                5
Comestibles
 r - 2 meat rations


   Skills:
 + Level 2.1 Fighting
 + Level 0.3 Throwing
 - Level 1.7 Dodging
 - Level 3.4 Stealth
 + Level 6.4 Unarmed Combat
 * Level 3.0 Spellcasting
 * Level 2.7 Transmutations
 * Level 0.4 Poison Magic


You had 6 spell levels left.
You knew the following spells:

 Your Spells              Type           Power        Failure   Level  Hunger
a - Beastly Appendage     Tmut           #.....       10%         1    #......
b - Sticks to Snakes      Tmut           #.......     12%         2    ##.....
c - Spider Form           Tmut/Pois      #.........   38%         3    ###....


Dungeon Overview and Level Annotations

Branches:
Dungeon (5/15)
 Temple: D:4-7

Altars:

Shops:
D:4 [


Innate Abilities, Weirdness & Mutations

You can spit globs of acid.
You are resistant to acid.
Your golden yellow scales are hard. (AC +6)
You cannot fit into any form of body armour.
You are cold-blooded and may be slowed by cold attacks.
You have a pair of small horns on your head.
You have claws for feet.
Your body sometimes deteriorates upon taking damage.
You evolve.
You expend magic power (3 MP) to strengthen your wands.


Message History

The yak gores you but does no damage.
You hit the yak but do no damage.
You tail-slap the yak, but do no damage.
The yak is moderately wounded.
The yak gores you!
* * * LOW HITPOINT WARNING * * *
You closely miss the yak.
The yak is moderately wounded.
The yak closely misses you.
You hit the yak. You headbutt the yak. You punch the yak, but do no damage.
The yak is heavily wounded.
The yak barely misses you.
You hit the yak but do no damage. You claw the yak, but do no damage.
You tail-slap the yak.
The yak is severely wounded.
Your transformation is almost over.
You hit the yak. You headbutt the yak.
The yak is severely wounded.
The yak gores you!
You die...

.................................
.................................
.................................
.................................
.................................
.)...............................
<................................
................Y................
................@................
......>..........................
.................................
.................................
.................................
.................................
.................................
.................................
.................................


You could see a yak.

Vanquished Creatures
  Grinder (D:3)
  2 scorpions
  A bullfrog skeleton (D:4)
  2 iguanas (D:4)
  Terence (D:2)
  Jessica (D:2)
  A worker ant (D:4)
  Robin (D:4)
  11 adders
  A howler monkey skeleton (D:4)
  4 oozes
  2 worms
  3 dart slugs
  4 leopard geckos
  An orc (D:4)
  2 ball pythons (D:3)
  8 bats
  4 giant cockroaches
  18 goblins
  12 hobgoblins
  2 jackals (D:2)
  4 frilled lizards
  7 kobolds
  A leopard gecko skeleton (D:4)
  2 rats
96 creatures vanquished.

Notes
Turn   | Place    | Note
-------+----------+-------------------------------------------
     0 | D:1      | piz0 the Draconian Transmuter began the quest for the Orb.
     0 | D:1      | Reached XP level 1. HP: 16/16 MP: 3/3
   188 | D:1      | Reached XP level 2. HP: 22/23 MP: 5/5
   767 | D:2      | Reached XP level 3. HP: 22/28 MP: 6/6
   944 | D:2      | Reached skill level 1 in Stealth
  1220 | D:2      | Noticed Terence
  1240 | D:2      | Reached skill level 4 in Unarmed Combat
  1261 | D:2      | Killed Terence
  1261 | D:2      | Reached XP level 4. HP: 18/35 MP: 7/7
  1424 | D:2      | Learned a level 2 spell: Sticks to Snakes
  1428 | D:2      | Learned a level 3 spell: Spider Form
  1597 | D:2      | Noticed Jessica
  1615 | D:2      | Killed Jessica
  2225 | D:2      | Reached XP level 5. HP: 40/40 MP: 8/8
  2524 | D:3      | Noticed Grinder
  2544 | D:3      | Killed Grinder
  2544 | D:3      | Reached skill level 5 in Unarmed Combat
  2544 | D:3      | Reached XP level 6. HP: 11/48 MP: 3/9
  3745 | D:4      | Found Ilighie's Armour Shop.
  4055 | D:4      | Reached skill level 6 in Unarmed Combat
  4430 | D:4      | Noticed Robin
  4484 | D:3      | Gained mutation: You expend magic power (3 MP) to strengthen your wands. [potion of mutation]
  4484 | D:3      | Gained mutation: You evolve. [potion of mutation]
  4484 | D:3      | Gained mutation: Your body sometimes deteriorates upon taking damage. [potion of mutation]
  4485 | D:3      | HP: 2/48 [poisoned by a scorpion]
  4497 | D:3      | Your scales start taking on a golden yellow colour.
  4497 | D:3      | Reached XP level 7. HP: 17/55 MP: 9/11
  4526 | D:3      | HP: 2/55 [poisoned by a scorpion]
  4534 | D:3      | HP: 2/55 [poisoned by a scorpion]
  5001 | D:4      | Killed Robin
  5073 | D:4      | Gained mutation: You have a pair of small horns on your head. [evolution]
  5477 | D:5      | Entered Level 5 of the Dungeon
  5498 | D:5      | Noticed a yak
  5498 | D:5      | Noticed a yak
  5498 | D:5      | Noticed a yak
  5564 | D:4      | Mangled by a yak

Skill      XL: |  1  2  3  4  5  6  7 |
---------------+----------------------+-----
Stealth        | 1 2 3 |  3.4
Unarmed Combat | 4 5 6 |  6.4
Fighting       | 2 |  2.1
Spellcasting   | 3 |  3.0
Throwing       | |  0.3
Dodging        | |  1.7
Transmutations | |  2.7
Poison Magic   | |  0.4

Action                   |  1- 3 |  4- 6 |  7- 9 || total
-------------------------+-------+-------+-------++-------
Melee: Unarmed           |   117 |   233 |    58 ||   408
       Tailslap          |    18 |    28 |     6 ||    52
       Kick              |     4 |     2 |     4 ||    10
       Headbutt          |       |     3 |     8 ||    11
       Punch             |       |     2 |     2 ||     4
Throw: Tomahawk          |       |     6 |       ||     6
 Cast: Beastly Appendage |     2 |     6 |     7 ||    15
       Sticks to Snakes  |       |     3 |     3 ||     6
  Use: Scroll            |     2 |     1 |       ||     3
       Potion            |       |     7 |       ||     7
 Stab: Sleeping          |       |     2 |     1 ||     3
  Eat: Chunk             |     1 |     4 |       ||     5
       Bread ration      |       |     2 |       ||     2
       Beef jerky        |       |     1 |       ||     1
Armor: Skin              |    27 |    91 |    20 ||   138
Dodge: Dodged            |    81 |   156 |    25 ||   262
